 Dungeon Crawl Stone Soup version 0.21.1-1-g345015f (webtiles) character file.

271777 kae the Minotaur Blade (level 19, 0/177 HPs)
             Began as a Minotaur Fighter on Apr 3, 2018.
             Was the Champion of Okawaru.
             Slain by a spark wasp (17 damage)
             ... on level 2 of the Depths on Apr 5, 2018.
             The game lasted 01:03:32 (37908 turns).

kae the Minotaur Blade (Minotaur Fighter)          Turns: 37908, Time: 01:03:33

Health: 0/177      AC: 43    Str: 22    XL:     19   Next: 46%
Magic:  9/16       EV: 18    Int:  7    God:    Okawaru [******]
Gold:   2736       SH: 14    Dex: 15    Spells: 18/18 levels left

rFire    + + .     SeeInvis +   O - +1 demon blade (vamp)
rCold    + + .     Gourm    +   u - +0 shield
rNeg     + + +     Faith    .   Q - +12 plate armour of Intercession {rC+ Regen+}
rPois    +         Spirit   .   V - +2 hat {SInv}
rElec    .         Reflect  .   P - +2 cloak
rCorr    .         Harm     .   W - +0 pair of gloves {archery}
MR       +++..                  E - +2 pair of boots
Stlth    ..........             Y - amulet "Utha" {Gourm +Fly rF- rN+ MR+}
HPRegen  0.79/turn              N - ring of Eqydal {rPois rF+++ rN++ MR+ Str-3}
MPRegen  0.15/turn              z - ring of the City {rPois rC+ MP-9 Dex+3}

@: heroism, finesse
A: retaliatory headbutt, horns 2, low mp 1
}: 2/15 runes: decaying, gossamer
a: Heroism, Finesse, Renounce Religion, Evoke Flight


You were on level 2 of the Depths.
You worshipped Okawaru.
Okawaru was exalted by your worship.
You were very full.

You visited 7 branches of the dungeon, and saw 35 of its levels.
You also visited: Labyrinth and Sewer.

You collected 3582 gold pieces.
You spent 846 gold pieces at shops.

Inventory:

Hand Weapons
 a - a +0 long sword of flaming
 b - a +3 demon blade of draining
 c - the +10 hand crossbow of War {elec, +Inv Dex+2}
   (Okawaru gifted it to you on level 2 of the Swamp)

   It charges the ammunition it shoots with electricity; occasionally upon a
   hit, such missiles may discharge and cause terrible harm.
   It affects your dexterity (+2).
   It lets you turn invisible.
 O - a +1 vampiric demon blade (weapon)
Armour
 u - a +0 shield (worn)
 E - a +2 pair of boots (worn)
 P - a +2 cloak (worn)
 Q - the +12 plate armour of Intercession (worn) {rC+ Regen+}
   (Okawaru gifted it to you on level 4 of the Lair of Beasts)

   It protects you from cold.
   It increases your rate of regeneration.
 V - a +2 hat of see invisible (worn)
 W - a +0 pair of gloves of archery (worn)
Jewellery
 k - the ring of Zavas {rN+ Int-2 Dex+4 Stlth-}
   (You found it on level 2 of the Depths)

   [ring of loudness]

   It affects your intelligence (-2).
   It affects your dexterity (+4).
   It protects you from negative energy.
   It makes you less stealthy.
 z - the ring of the City (right hand) {rPois rC+ MP-9 Dex+3}
   (You bought it in a shop on level 2 of the Orcish Mines)

   [ring of poison resistance]

   It affects your dexterity (+3).
   It protects you from cold.
   It protects you from poison.
   It affects your magic capacity (-9).
 L - an uncursed amulet of magic regeneration
 M - the amulet of Moral Flaws {RegenMP +Inv rC+}
   (You found it in a labyrinth)

   [amulet of magic regeneration]

   It increases your magic regeneration.
   It protects you from cold.
   It lets you turn invisible.
 N - the ring of Eqydal (left hand) {rPois rF+++ rN++ MR+ Str-3}
   (You found it on level 2 of the Depths)

   [ring of protection from magic]

   It affects your strength (-3).
   It renders you almost immune to fire.
   It protects you from poison.
   It greatly protects you from negative energy.
   It affects your resistance to hostile enchantments.
 X - the ring "Pytrax" {+Blink rElec MP+9}
   (You found it on level 2 of the Depths)

   [ring of magical power]

   It insulates you from electricity.
   It affects your magic capacity (+9).
   It lets you blink.
 Y - the amulet "Utha" (around neck) {Gourm +Fly rF- rN+ MR+}
   (You found it on level 1 of the Swamp)

   [amulet of the gourmand]

   It allows you to eat raw meat even when not hungry.
   It makes you vulnerable to fire.
   It protects you from negative energy.
   It affects your resistance to hostile enchantments.
   It lets you fly.
Wands
 A - a wand of clouds (3)
 H - a wand of digging (19)
Scrolls
 e - a scroll of brand weapon
 g - 3 scrolls of magic mapping
 m - 4 scrolls of amnesia
 s - 4 scrolls of fog
 w - 14 scrolls of teleportation
 x - 16 scrolls of remove curse
 y - 4 scrolls of enchant armour
 B - 4 scrolls of fear
 F - 5 scrolls of blinking
 K - 2 scrolls of identify
 S - 2 scrolls of silence
 U - 2 scrolls of enchant weapon
 Z - a scroll of summoning
Potions
 d - a potion of cancellation
 i - 12 potions of curing
 j - 7 potions of mutation
 l - 10 potions of heal wounds
 n - 6 potions of haste
 o - 6 potions of might
 p - 2 potions of berserk rage
 q - 3 potions of brilliance
 r - 10 potions of lignification
 t - 4 potions of resistance
 v - 6 potions of magic
 D - 7 potions of flight
 G - 4 potions of ambrosia
 J - 4 potions of agility
 R - a potion of invisibility
Miscellaneous
 T - a phantom mirror
Comestibles
 f - 51 rations


   Skills:
 + Level 17.3(22.3) Fighting
 + Level 22.4(27) Long Blades
 - Level 16.7(21.7) Armour
 - Level 13.4(18.4) Dodging
 * Level 9.7(14.7) Shields
 + Level 14.5 Invocations
 - Level 6.1 Evocations


You had 18 spell levels left.
You didn't know any spells.

Dungeon Overview and Level Annotations

Branches:
Dungeon (15/15)            Temple (1/1) D:4            Lair (6/6) D:9
  Swamp (4/4) Lair:4       Spider (4/4) Lair:4        Slime (0/5) Lair:6
    Orc (2/2) D:11            Elf (0/3) Orc:2        Vaults (0/5) D:13
 Depths (3/5) D:15

Altars:
Ashenzari
Cheibriados
Dithmenos
Elyvilon
Fedhas
Gozag
Hepliaklqana
Kikubaaqudgha
Makhleb
Nemelex Xobeh
Okawaru
Qazlal
Ru
Sif Muna
Trog
Uskayaw
Vehumet
Wu Jian
Xom
Yredelemnul
Zin
The Shining One
Beogh

Shops:
D:9 [   D:11 [   D:12 %[   Orc:2 (*[=

Portals:
Hell: Depths:1 Depths:2
Pandemonium: Depths:1
Bazaar: Depths:1

Annotations:
Spider:4 exclusion: 3 doors


Innate Abilities, Weirdness & Mutations

You reflexively headbutt those who attack you in melee.
You have a pair of horns on your head.
Your magical capacity is low. (-10% MP)


Message History

The spark wasp closely misses you. You furiously retaliate!
You headbutt the spark wasp, but do no damage.
The spark wasp stings you but does no damage.
You block the rakshasa's attack. You block the spark wasp's attack.
You hit the spark wasp. Your headbutt misses the spark wasp.
The spark wasp is heavily wounded.
The spark wasp stings you! The spark wasp shocks you!
Your plate armour of Intercession prevents you from hitting the spark wasp.
You headbutt the spark wasp, but do no damage.
The spark wasp is heavily wounded.
You block the spark wasp's attack. The spark wasp stings you.
* * * LOW HITPOINT WARNING * * *
The spark wasp shocks you!
* * * LOW HITPOINT WARNING * * *
The rakshasa hits you but does no damage.
You can now deal lightning-fast blows.
You block the spark wasp's attack. The spark wasp stings you!!
* * * LOW HITPOINT WARNING * * *
The spark wasp shocks you!
You die...

###............#......##### #
##.'.......#...........[.##
##..#..()........[#.....#..##
#...##)#.....#...[...#'##...#
#......##...........##.....(#
##....######'###'######....##
##?.## #.......# ##..## ####
#..yR...# #### ##.y@..##
#######


You could see a rakshasa and 2 spark wasps.

Vanquished Creatures
  Sojobo (Depths:2)
  Margery (Depths:2)
  2 golden dragons (Depths:2)
  Arachne (Spider:4)
  Asterion (Depths:2)
  The ghost of bmj180 the Severer, an adept HOFi of the Shining One (Spider:3)
  The ghost of buskinjo the Fighter, a journeyman OgEE of Vehumet (D:15)
  5 tengu reavers (Depths:2)
  A shadow dragon (Depths:2)
  An ancient champion (Depths:2)
  2 frost giants
  A fire giant (Depths:2)
  A ghost moth (Spider:4)
  5 emperor scorpions
  An orc warlord (Orc:2)
  A spriggan defender (Depths:2)
  5 stone giants
  A vampire knight (Depths:2)
  6 very ugly things
  2 entropy weavers
  An entropy weaver (shapeshifter) (Depths:2)
  A dire elephant (Lair:6)
  8 spark wasps
  2 green deaths (Swamp:4)
  4 fire dragons
  2 death oozes (Swamp:4)
  An ettin (Depths:2)
  A minotaur (Lab)
  A yaktaur captain (D:15)
  Fannar (D:11)
  18 hydras
  2 ice dragons
  The ghost of Eltigrechino the Basher, a novice OgBe of Trog (D:10)
  2 hell beasts
  4 great orbs of eyes
  9 vault guards
  4 ghost crabs
  A rakshasa (Depths:2)
  2 catoblepae
  A merfolk avatar (Lair:6)
  6 centaur warriors
  2 death knights (D:13)
  The ghost of mtoz the Cleaver, a novice MiBe of Trog (D:8)
  2 tengu warriors
  10 alligators
  5 ogre magi
  3 deep troll earth magi (Depths:2)
  17 two-headed ogres
  4 vampire magi
  4 orc high priests
  A naga sharpshooter (Depths:2)
  Nergalle (D:11)
  A sun demon (Depths:1)
  A spriggan berserker (Depths:2)
  3 skeletal warriors (Depths:2)
  2 sea snakes (Lair:6)
  5 hell knights (Depths:2)
  A glowing orange brain (Depths:2)
  2 unseen horrors
  11 swamp dragons
  A wizard (D:13)
  4 spriggan druids
  A flayed ghost (Depths:2)
  A harpy (Lair:6)
  A shambling mangrove (Swamp:4)
  11 orb spiders
  A mana viper (shapeshifter) (Depths:1)
  2 deep elf magi (D:14)
  2 necromancers (Depths:2)
  A wolf spider zombie (D:13)
  36 wolf spiders
  5 orc knights
  6 orc sorcerers (Orc:2)
  9 ugly things
  5 moths of wrath
  2 cyclopes
  An oklob plant (Lair:1)
  A salamander (shapeshifter) (D:15)
  3 manticores
  6 elephants (Lair:6)
  Maurice (D:8)
  A rust devil (Depths:1)
  2 guardian serpents (Depths:2)
  Joseph (D:9)
  7 black mambas
  2 torpor snails (Spider:4)
  7 centaur skeletons
  A naga mage (Depths:2)
  15 spiny frogs
  3 orange demons (Swamp:4)
  A gargoyle (D:13)
  10 rime drakes
  18 demonic crawlers
  3 kobold demonologists (D:15)
  6 yaktaurs
  13 komodo dragons
  An efreet (D:14)
  A tengu conjurer (Depths:1)
  3 meliai (D:15)
  A queen bee (shapeshifter) (Depths:2)
  2 polar bears
  An ice devil (Depths:1)
  5 trolls
  8 tyrant leeches
  Grinder (D:4)
  A spriggan zombie (Depths:1)
  19 jumping spiders
  14 hippogriffs
  The ghost of Flooderbenga the Grave Robber, an amateur GnNe (D:6)
  15 hornets
  3 blink frogs (Lair:2)
  42 slime creatures
  A meliai zombie (D:15)
  8 bog bodies
  58 redbacks
  5 spriggans
  A large abomination (Swamp:4)
  A wraith (D:12)
  3 water elementals
  27 tarantellas
  8 shadows
  41 yaks
  A vampire (D:9)
  7 wyverns
  A golden eye (shapeshifter) (Depths:1)
  A steam dragon (D:11)
  9 basilisks
  3 chaos spawn (D:12)
  Grum (D:8)
  2 hungry ghosts
  4 wargs
  29 vampire mosquitoes
  17 swamp worms
  A naga (Depths:2)
  A soldier ant (D:11)
  An acid dragon (D:14)
  A hell hound (Lair:4)
  8 porcupines
  2 floating eyes (Depths:2)
  16 water moccasins
  6 swamp drakes
  4 ice beasts
  54 orc warriors
  3 sky beasts
  3 black bears
  2 necrophages (D:9)
  4 boggarts
  7 wolves
  12 centaurs
  An eye of draining (D:13)
  23 ogres
  13 crocodiles
  5 big kobolds
  24 bullfrogs
  A wyvern zombie (D:7)
  A gnoll sergeant (D:12)
  5 scorpions
  A water moccasin skeleton (D:4)
  7 wights
  4 electric eels
  4 howler monkeys
  6 crimson imps
  2 centaur zombies
  3 bullfrog zombies
  5 jellies
  5 hounds
  2 quasits
  26 orc priests
  24 orc wizards
  2 bullfrog skeletons (D:10)
  6 iguanas
  12 worker ants
  A howler monkey zombie (D:5)
  4 worker ant zombies
  13 gnolls
  2 river rats (D:5)
  19 adders
  5 shadow imps
  8 oozes
  2 adder zombies
  2 adder skeletons
  3 worms
  2 dart slugs
  3 leopard geckos
  124 orcs
  7 bats
  4 giant cockroaches
  7 goblins
  4 hobgoblins
  11 jackals
  25 kobolds
  8 quokkas
  6 ball pythons
  3 frilled lizards (Sewer)
  A quokka zombie (D:5)
  11 rats
  A plant (Lair:1)
1307 creatures vanquished.

Vanquished Creatures (others)
  2 very ugly things (Depths:1)
  An ugly thing (Depths:1)
  A demonic crawler (Spider:4)
  A yaktaur (Depths:2)
  4 boggarts (Depths:1)
  An orc (D:15)
  29 fungi
  9 plants
48 creatures vanquished.

Grand Total: 1355 creatures vanquished

Notes
Turn   | Place    | Note
-------+----------+-------------------------------------------
     0 | D:1      | kae the Minotaur Fighter began the quest for the Orb.
     0 | D:1      | Reached XP level 1. HP: 19/19 MP: 0/0
    98 | D:1      | Reached XP level 2. HP: 27/27 MP: 1/1
   310 | D:1      | Reached skill level 3 in Long Blades
   879 | D:2      | Reached XP level 3. HP: 21/33 MP: 2/2
  1169 | D:2      | Reached XP level 4. HP: 40/40 MP: 3/3
  1200 | D:2      | Reached skill level 4 in Long Blades
  1233 | D:2      | Found a radiant altar of Vehumet.
  1419 | D:2      | Found a white marble altar of Elyvilon.
  1611 | D:3      | Reached XP level 5. HP: 46/47 MP: 4/4
  2227 | D:4      | Noticed Grinder
  2242 | D:4      | Killed Grinder
  2242 | D:4      | Reached skill level 5 in Fighting
  2242 | D:4      | Reached skill level 5 in Long Blades
  2242 | D:4      | Reached skill level 5 in Armour
  2242 | D:4      | Reached skill level 5 in Shields
  2242 | D:4      | Reached XP level 6. HP: 49/56 MP: 5/5
  2301 | D:4      | Found a deep blue altar of Sif Muna.
  2401 | D:4      | Found a staircase to the Ecumenical Temple.
  2410 | Temple   | Entered the Ecumenical Temple
  2538 | Temple   | Became a worshipper of Warmaster Okawaru
  2591 | D:4      | Reached skill level 6 in Long Blades
  2739 | D:4      | Reached XP level 7. HP: 61/61 MP: 6/6
  3044 | D:5      | Entered Level 5 of the Dungeon
  3133 | D:5      | Reached skill level 1 in Invocations
  3367 | D:5      | Found a glowing drain.
  3375 | Sewer    | Entered a sewer
  3457 | Sewer    | Reached * piety under Okawaru
  3684 | Sewer    | Reached skill level 7 in Long Blades
  4355 | D:5      | Reached XP level 8. HP: 55/70 MP: 8/8
  4385 | D:5      | Found a deep blue altar of Sif Muna.
  4672 | D:6      | Reached skill level 8 in Long Blades
  4722 | D:6      | Noticed Flooderbenga's ghost (amateur GnNe)
  4729 | D:6      | Killed Flooderbenga's ghost
  4729 | D:6      | Reached ** piety under Okawaru
  4919 | D:6      | Reached skill level 9 in Long Blades
  5103 | D:7      | Reached XP level 9. HP: 63/79 MP: 10/10
  5635 | D:7      | Found an ornate altar of the Wu Jian Council.
  6020 | D:8      | Reached skill level 10 in Long Blades
  6022 | D:8      | Noticed Grum
  6030 | D:8      | Killed Grum
  6030 | D:8      | Reached *** piety under Okawaru
  6222 | D:8      | Reached skill level 5 in Invocations
  6327 | D:8      | Noticed Maurice
  6341 | D:8      | Killed Maurice
  6341 | D:8      | Reached skill level 11 in Long Blades
  6341 | D:8      | Reached XP level 10. HP: 89/90 MP: 9/13
  6438 | D:8      | Reached **** piety under Okawaru
  6694 | D:8      | Noticed mtoz's ghost (novice MiBe)
  6723 | D:8      | Killed mtoz's ghost
  6889 | D:9      | Found Weazxal's Antique Armour Boutique.
  6942 | D:9      | Noticed a two-headed ogre
  6954 | D:9      | Killed a two-headed ogre
  7222 | D:9      | Reached skill level 12 in Long Blades
  7400 | D:9      | Noticed Joseph
  7429 | D:9      | Killed Joseph
  7429 | D:9      | Reached ***** piety under Okawaru
  7429 | D:9      | Reached skill level 1 in Dodging
  7687 | D:9      | Found a staircase to the Lair.
  7750 | D:9      | Reached XP level 11. HP: 89/99 MP: 15/15
  8396 | D:10     | Entered Level 10 of the Dungeon
  8432 | D:10     | Noticed Eltigrechino's ghost (novice OgBe)
  9258 | D:10     | Reached skill level 10 in Armour
  9302 | D:10     | Reached skill level 10 in Fighting
 10306 | D:10     | Killed Eltigrechino's ghost
 10306 | D:10     | Reached skill level 13 in Long Blades
 10437 | D:11     | Noticed an eight-headed hydra
 10541 | Lair:1   | Entered Level 1 of the Lair of Beasts
 10574 | Lair:1   | Received a gift from Okawaru
 10659 | Lair:1   | Noticed an oklob plant
 10678 | Lair:1   | Found a bloodstained altar of Trog.
 11356 | Lair:2   | Noticed a four-headed hydra
 11368 | Lair:2   | Killed a one-headed hydra
 11400 | Lair:2   | Found a labyrinth entrance.
 11415 | Lab      | Entered a labyrinth
 11773 | Lab      | Noticed a minotaur
 11784 | Lab      | Killed a minotaur
 11794 | Lab      | Got a scintillating platinum amulet
 12122 | Lair:2   | Noticed a six-headed hydra
 12129 | Lair:2   | Killed a three-headed hydra
 12129 | Lair:2   | Reached skill level 14 in Long Blades
 12255 | Lair:2   | Reached XP level 12. HP: 106/108 MP: 16/16
 12817 | Lair:3   | Identified the amulet of Moral Flaws {RegenMP +Inv rC+} (You found it in a labyrinth)
 13006 | Lair:3   | Reached skill level 5 in Dodging
 13274 | Lair:3   | Noticed an eight-headed hydra
 13283 | Lair:3   | Killed a three-headed hydra
 13709 | Lair:4   | Found a hole to the Spider Nest.
 14378 | Lair:4   | Found a staircase to the Swamp.
 14481 | Lair:4   | Noticed a four-headed hydra
 14493 | Lair:4   | Killed a one-headed hydra
 14498 | Lair:4   | Reached skill level 15 in Long Blades
 14853 | Lair:4   | Received a gift from Okawaru
 14860 | Lair:4   | Reached ****** piety under Okawaru
 14954 | Lair:4   | Got an encrusted plate armour {god gift}
 15267 | Lair:4   | Identified the +12 plate armour of Intercession {rC+ Regen+} (Okawaru gifted it to you on level 4 of the Lair of Beasts)
 15868 | Lair:5   | Reached XP level 13. HP: 117/117 MP: 18/18
 16443 | Lair:6   | Entered Level 6 of the Lair of Beasts
 16602 | Lair:6   | Noticed a dire elephant
 16631 | Lair:6   | Killed a dire elephant
 16631 | Lair:6   | Reached skill level 16 in Long Blades
 16735 | Lair:6   | Found a staircase to the Slime Pits.
 16812 | Lair:6   | Received a gift from Okawaru
 17539 | Lair:6   | Reached skill level 10 in Invocations
 17706 | D:11     | Received a gift from Okawaru
 17875 | D:11     | Noticed Nergalle
 17890 | D:11     | Killed Nergalle
 17938 | D:11     | Noticed Fannar
 17978 | D:11     | Killed Fannar
 17978 | D:11     | Reached XP level 14. HP: 127/127 MP: 20/20
 17991 | D:11     | Found Xekli's Antique Armour Shop.
 18134 | D:11     | Found a staircase to the Orcish Mines.
 18364 | Orc:1    | Entered Level 1 of the Orcish Mines
 18409 | Orc:1    | Reached skill level 17 in Long Blades
 18828 | Orc:2    | Entered Level 2 of the Orcish Mines
 18920 | Orc:2    | Found Ugefuc's Jewellery Shop.
 18921 | Orc:2    | Noticed a stone giant
 18935 | Orc:2    | Killed a stone giant
 18954 | Orc:2    | Paralysed by an orc sorcerer for 3 turns
 19028 | Orc:2    | Found Buaj's Antique Armour Boutique.
 19127 | Orc:2    | Noticed an orc warlord
 19145 | Orc:2    | Killed an orc warlord
 19179 | Orc:2    | Bought the ring of the City {rPois rC+ MP-9 Dex+3} for 256 gold pieces
 19235 | Orc:2    | Found Vyodiush's Antique Weapon Emporium.
 19239 | Orc:2    | Paralysed by an orc sorcerer for 2 turns
 19329 | Orc:2    | Received a gift from Okawaru
 19386 | Orc:2    | Bought a pair of embroidered gloves for 285 gold pieces
 19386 | Orc:2    | Bought an embroidered cloak for 285 gold pieces
 19557 | Orc:2    | Found a staircase to the Elven Halls.
 19587 | Orc:2    | Found Postrifo's General Store.
 19595 | Orc:2    | Bought a scroll of identify for 20 gold pieces
 19626 | Orc:2    | Found a roughly hewn altar of Beogh.
 20179 | D:12     | Found Texeawun's Food Shop.
 20381 | D:12     | Found Ruyxoygg's Armour Shop.
 20521 | D:12     | Found the +1 mace of Variability {chaos}
 20528 | D:12     | Found a shimmering altar of Xom.
 20974 | D:13     | Reached skill level 18 in Long Blades
 21215 | D:13     | Found a sparkling altar of Nemelex Xobeh.
 21217 | D:13     | Found a basalt altar of Yredelemnul.
 21217 | D:13     | Found a bloodstained altar of Trog.
 21220 | D:13     | Found a hide-covered altar of Uskayaw.
 21220 | D:13     | Found a shimmering altar of Xom.
 21220 | D:13     | Found an opulent altar of Gozag.
 22219 | D:13     | Received a gift from Okawaru
 22261 | D:13     | Reached XP level 15. HP: 127/137 MP: 13/22
 22350 | D:13     | Found a gate to the Vaults.
 22697 | Spider:1 | Entered Level 1 of the Spider Nest
 22717 | Spider:1 | Reached skill level 10 in Dodging
 23693 | Spider:2 | Received a gift from Okawaru
 23768 | Spider:2 | Reached skill level 19 in Long Blades
 24344 | Spider:3 | Noticed bmj180's ghost (adept HOFi)
 24496 | Spider:3 | Killed bmj180's ghost
 24657 | Spider:3 | Received a gift from Okawaru
 24962 | Spider:4 | Entered Level 4 of the Spider Nest
 25109 | Spider:3 | Reached XP level 16. HP: 73/147 MP: 14/23
 25842 | Spider:4 | Noticed Arachne
 25900 | Spider:4 | Killed Arachne
 26251 | Spider:4 | Reached skill level 15 in Armour
 26267 | Spider:4 | Received a gift from Okawaru
 26524 | Spider:4 | Reached skill level 15 in Fighting
 26714 | Spider:4 | Reached skill level 20 in Long Blades
 26995 | Spider:4 | Got a gossamer rune of Zot
 27516 | Swamp:1  | Entered Level 1 of the Swamp
 27536 | Swamp:1  | Got a pitted amethyst amulet
 27731 | Swamp:1  | Identified the Volume of the Earthen Birds
 27735 | Swamp:1  | Identified the amulet "Utha" {Gourm +Fly rF- rN+ MR+} (You found it on level 1 of the Swamp)
 28226 | Swamp:2  | Reached skill level 1 in Evocations
 28748 | Swamp:2  | Reached XP level 17. HP: 130/156 MP: 16/25
 29073 | Swamp:2  | Received a gift from Okawaru
 29180 | Swamp:2  | Got a faintly glowing hand crossbow {god gift}
 29360 | Swamp:3  | Identified the +10 hand crossbow of War {elec, +Inv Dex+2} (Okawaru gifted it to you on level 2 of the Swamp)
 30126 | Swamp:4  | Entered Level 4 of the Swamp
 30707 | Swamp:4  | Received a gift from Okawaru
 31011 | Swamp:4  | Reached skill level 21 in Long Blades
 31394 | Swamp:4  | Got a decaying rune of Zot
 32102 | D:14     | Found a blossoming altar of Fedhas.
 32634 | D:15     | Entered Level 15 of the Dungeon
 32668 | D:15     | Noticed buskinjo's ghost (journeyman OgEE)
 32695 | D:15     | Killed buskinjo's ghost
 32994 | D:15     | Reached XP level 18. HP: 118/166 MP: 18/27
 33164 | D:15     | Received a gift from Okawaru
 33201 | D:15     | Reached skill level 5 in Evocations
 33594 | D:15     | Found a staircase to the Depths.
 33793 | Depths:1 | Entered Level 1 of the Depths
 33793 | Depths:1 | Noticed a lich
 35355 | Depths:1 | Found a gateway to a bazaar.
 35360 | Depths:1 | Found a one-way gate leading to the halls of Pandemonium.
 35525 | Depths:1 | Found a gateway to Hell.
 35960 | Depths:2 | Paralysed by a floating eye for 4 turns
 35975 | Depths:2 | Noticed Sojobo
 36160 | Depths:2 | Killed Sojobo
 36166 | Depths:2 | Received a gift from Okawaru
 36447 | Depths:2 | Found a deep blue altar of Sif Muna.
 36447 | Depths:2 | Noticed a golden dragon
 36448 | Depths:2 | Noticed Asterion
 36465 | Depths:2 | Killed a golden dragon
 36469 | Depths:2 | Gained mutation: Your magical capacity is low. (-10% MP) [a cacodemon]
 36481 | Depths:2 | Killed Asterion
 36481 | Depths:2 | Reached skill level 22 in Long Blades
 36693 | Depths:2 | Found a deep blue altar of Sif Muna.
 36706 | Depths:2 | Paralysed by a floating eye for 2 turns
 36722 | Depths:2 | Received a gift from Okawaru
 36827 | Depths:2 | Got a slimy brass ring
 36923 | Depths:2 | Identified the ring of Eqydal {rPois rF+++ rN++ MR+ Str-3} (You found it on level 2 of the Depths)
 37064 | Depths:2 | Reached XP level 19. HP: 161/174 MP: 16/25
 37166 | Depths:2 | Got a heavily runed jade ring
 37238 | Depths:2 | Found a shattered altar of Ashenzari.
 37253 | Depths:2 | Noticed Margery
 37280 | Depths:2 | Killed Margery
 37395 | Depths:2 | Identified the ring "Pytrax" {+Blink rElec MP+9} (You found it on level 2 of the Depths)
 37445 | Depths:2 | Noticed a golden dragon
 37456 | Depths:2 | Killed a golden dragon
 37523 | Depths:2 | Received a gift from Okawaru
 37664 | Depths:2 | Got a clouded iron ring
 37672 | Depths:2 | Identified the ring of Zavas {rN+ Int-2 Dex+4 Stlth-} (You found it on level 2 of the Depths)
 37908 | Depths:2 | Slain by a spark wasp

Skill      XL: |  1  2  3  4  5  6  7  8  9 10 11 12 13 14 15 16 17 18 19 |
---------------+----------------------------------------------------------+-----
Long Blades    | 3 4 5 6 7 9 11 12 14 15 16 18 19 20 21 22 | 22.4
Fighting       | 4 5 6 7 8 9 10 11 12 13 14 15 16 17 | 17.3
Armour         | 4 5 6 7 8 9 10 11 12 13 14 15 16 | 16.7
Shields        | 4 5 7 9 |  9.7
Invocations    | 2 3 5 6 7 9 10 11 12 13 14 | 14.5
Dodging        | 1 4 6 8 9 11 12 13 | 13.4
Evocations     | 2 4 6 |  6.1

Action                   |  1- 3 |  4- 6 |  7- 9 | 10-12 | 13-15 | 16-18 | 19-21 || total
-------------------------+-------+-------+-------+-------+-------+-------+-------++-------
Melee: Long sword        |    64 |   119 |   386 |   457 |    24 |    70 |       ||  1120
       Headbutt          |    11 |    23 |    72 |   143 |   452 |   654 |   116 ||  1471
       Scimitar          |       |       |       |   250 |   181 |       |       ||   431
       Demon blade       |       |       |       |       |  1508 |  2003 |   397 ||  3908
Invok: Heroism           |       |       |     8 |    17 |    19 |    18 |     3 ||    65
       Finesse           |       |       |       |       |     1 |     1 |     1 ||     3
Evoke: Wand              |       |       |     1 |     2 |     1 |       |       ||     4
  Use: Scroll            |       |    10 |     9 |    10 |     6 |    17 |     4 ||    56
       Potion            |       |     1 |       |     3 |       |     2 |     1 ||     7
 Stab: Paralysed         |       |       |       |       |     2 |       |       ||     2
  Eat: Chunk             |       |     6 |    13 |    17 |    28 |    44 |       ||   108
       Ration            |       |       |       |     5 |     1 |     1 |     3 ||    10
Armor: Scale mail        |    34 |    42 |   114 |    71 |       |       |       ||   261
       Plate armour      |       |       |       |   171 |   868 |  1034 |   199 ||  2272
Dodge: Dodged            |    36 |    44 |   139 |   194 |   832 |  1101 |   125 ||  2471
Block: Shield            |    48 |    61 |   214 |   263 |   846 |  1018 |   146 ||  2596
       Rpst.: Long sword |     5 |    12 |    37 |    29 |     1 |     6 |       ||    90
       Scimitar          |       |       |       |    13 |    11 |       |       ||    24
       Demon blade       |       |       |       |       |   155 |   211 |    23 ||   389
